 Dungeon Crawl Stone Soup version 0.20.0-15-g7f486f2 (console) character file.

14 removed the Ducker (level 2, -2/13 HPs)
             Began as a Spriggan Necromancer on June 10, 2017.
             Killed from afar by a dart slug (3 damage)
             ... with a slug dart
             ... on level 1 of the Dungeon.
             The game lasted 00:00:37 (722 turns).

removed the Ducker (Spriggan Necromancer)            Turns: 722, Time: 00:00:38

Health: -2/13      AC:  2    Str:  4    XL:     2   Next: 31%
Magic:  1/6        EV: 20    Int: 16    God:
Gold:   14         SH:  0    Dex: 16    Spells: 5/6 levels left

rFire    . . .     SeeInvis +   (weapon restricted)
rCold    . . .     Gourm    +   (shield restricted)
rNeg     . . .     Faith    .   a - +0 robe
rPois    .         Spirit   .   (helmet restricted)
rElec    .         Reflect  .   (no cloak)
rCorr    .         Harm     .   (gloves unavailable)
MR       .....                  (boots unavailable)
Stlth    ++........             h - amulet of the gourmand
Regen    0.1/turn               (no ring)
MPRegen  0.1/turn               (no ring)

@: very slightly contaminated, very quick
A: unfitting armour, see invisible, herbivore 3, speed 3, slow metabolism 2
a: no special abilities


You were on level 1 of the Dungeon.
You were not hungry.

You visited 1 branch of the dungeon, and saw 1 of its levels.

You collected 14 gold pieces.

Inventory:

Armour
 a - a +0 robe (worn)
Jewellery
 h - an amulet of the gourmand (around neck)
Scrolls
 d - a scroll of identify {unknown}
 e - a scroll of immolation {unknown}
Potions
 f - 2 potions of might {unknown}
 g - 2 potions of agility {unknown}
 i - a potion of degeneration {unknown}
Books
 b - a book of Necromancy

   Spells                             Type                      Level
   a - Pain                           Necromancy                   1
   b - Animate Skeleton               Necromancy                   1
   c - Vampiric Draining              Necromancy                   3
   d - Regeneration                   Charms/Necromancy            3
   e - Animate Dead                   Necromancy                   4
   f - Control Undead                 Necromancy                   4
Comestibles
 c - a bread ration


   Skills:
 + Level 4.4 Dodging
 - Level 3.0 Stealth
 - Level 2.6 Spellcasting
 - Level 3.6 Necromancy


You had 5 spell levels left.
You knew the following spells:

 Your Spells              Type           Power        Failure   Level  Hunger
a - Pain                  Necr           ##..         4%          1    #......


Dungeon Overview and Level Annotations

Branches:
Dungeon (1/15)

Altars:


Innate Abilities, Weirdness & Mutations

You are very small and have problems with some larger weapons.
You are too small for most types of armour.
You have supernaturally acute eyesight. (SInv)
You are a herbivore.
You cover ground extremely quickly.
You need consume almost no food.


Message History

You hit the dart slug but do no damage.
The dart slug is severely wounded.
The bat hits you.
* * * LOW HITPOINT WARNING * * *
The dart slug bites you but does no damage.
You hit the dart slug but do no damage.
The dart slug is severely wounded.
The goblin shouts!
The bat closely misses you. The dart slug launches a dart at you.
The slug dart misses you.
You hit the dart slug but do no damage.
The dart slug is severely wounded.
The bat barely misses you.
You hit the dart slug but do no damage.
The dart slug is severely wounded.
The bat barely misses you. The dart slug launches a dart at you.
The slug dart hits you!
You die...

)..#
####'####.####
...# #####.##
#.# ...#
#......# #.#
..........####.#
.# ####.###..#
#.# # .. .# ...#
#.## .# .# # #..
#..##.### .# #..
#.......# .# ###
#.# #$.@b...# .#
#.# #.#
#...w...#
.###.###.#
#.......#
.........#
#.......#
.###.###.#
+.......# .# #.#
#.# #..g....# .#
### #.##
#........ .# ...
#..# ##.......#
.###.###..###...


You could see a dart slug, a goblin and a bat.

Vanquished Creatures
  A dart slug (D:1)
  2 goblins (D:1)
  A hobgoblin (D:1)
  A ball python (D:1)
  3 bats (D:1)
  2 kobolds (D:1)
  2 rats (D:1)
12 creatures vanquished.

Notes
Turn   | Place    | Note
-------+----------+-------------------------------------------
     0 | D:1      | removed the Spriggan Necromancer began the quest for the Orb.
     0 | D:1      | Reached XP level 1. HP: 9/9 MP: 5/5
   463 | D:1      | Reached skill level 4 in Dodging
   471 | D:1      | Reached XP level 2. HP: 11/13 MP: 2/6
   722 | D:1      | Killed from afar by a dart slug

Skill      XL: |  1 |
---------------+----+-----
Dodging        | 4 |  4.4
Stealth        | |  3.0
Spellcasting   | |  2.6
Necromancy     | |  3.6

Action                   || total
-------------------------++-------
Melee: Unarmed           ||    10
 Cast: Pain              ||    21
Armor: Robe              ||     4
Dodge: Dodged            ||    18
